 Dungeon Sprint DCSS version 0.27-a0-1332-g84bddb5ca7 (webtiles) character file.

Game seed: 12665226331621925892

34441 mhtbhm the Sorcerer (level 13, 0/74 HPs)
             Began as a Spriggan Earth Elementalist on June 25, 2021.
             Was the Champion of Vehumet.
             Slain by Polyphemus (28 damage)
             ... in the Dungeon (Sprint III: "The Ten Rune Challenge").
             The game lasted 00:15:39 (4547 turns).

mhtbhm the Sorcerer (Spriggan Earth Elementalist)   Turns: 4547, Time: 00:15:39

Health: 0/74       AC: 37    Str:  4    XL:     13   Next: 42%
Magic:  22/44      EV: 24    Int: 29    God:    Vehumet [******]
Gold:   3271       SH:  0    Dex: 15    Spells: 20/64 levels left

rFire    . . .     SeeInvis +   p - staff of earth
rCold    . . .     Faith    .   (shield currently unavailable)
rNeg     + . .     Spirit   .   (armour currently unavailable)
rPois    ∞         Reflect  .   (helmet restricted)
rElec    +         Harm     .   (no cloak)
rCorr    .         Rampage  .   (gloves unavailable)
Will     ++...     NoTele   +   (boots unavailable)
Stlth    +++++.....             (no amulet)
HPRegen  0.22/turn              r - ring of Akous {EV+4 Stlth+}
MPRegen  0.29/turn              q - ring "Atol" {Drain rElec AC+4 Int+7 SInv}

@: statue-form, very slow
A: slow and powerful, torment resistance 1, boosted hp, very small, no large
weapons, unfitting armour, see invisible, (speed 3)
a: End Transformation, Renounce Religion


You were in the Dungeon.
You worshipped Vehumet.
Vehumet was exalted by your worship.
You were a living statue of rough stone.
You visited 1 branch You collected 5155 gold pieces.
You spent 1884 gold pieces at shops.

Inventory:

Missiles
 k - 7 curare-tipped darts (quivered)
 A - 10 atropa-tipped darts
Armour
 b - a +0 robe of poison resistance (melded)
Magical Staves
 p - a staff of earth (weapon)
Jewellery
 a - the ring "Vyddeve" {rPois rCorr Dex+3}
   (You took it off a deep elf zephyrmancer in the Dungeon)

   [ring of resist corrosion]

   It affects your dexterity (+3).
   It protects you from poison.
   It protects you from acid and corrosion.
 q - the ring "Atol" (right fist) {Drain rElec AC+4 Int+7 SInv}
   (You found it in the Dungeon)

   [ring of protection]

   It affects your AC (+4).
   It affects your intelligence (+7).
   It insulates you from electricity.
   It lets you see invisible.
   It drains your maximum health when unequipped.
 r - the ring of Akous (left fist) {EV+4 Stlth+}
   (You found it in the Dungeon)

   [ring of evasion]

   It affects your evasion (+4).
   It makes you more stealthy.
Wands
 s - a wand of paralysis (11)
 y - a wand of charming (11)
 z - a wand of iceblast (9)
Scrolls
 h - a scroll of blinking
 i - 7 scrolls of amnesia
 j - 4 scrolls of torment
 l - 2 scrolls of acquirement
 t - 7 scrolls of identify
Potions
 c - 3 potions of curing
 d - a potion of heal wounds
 e - a potion of haste
 f - 2 potions of magic
 g - 3 potions of berserk rage
 m - 3 potions of attraction
 n - 4 potions of mutation
 u - a potion of brilliance
 v - a potion of resistance
 w - a potion of cancellation
 x - a potion of lignification
Miscellaneous
 o - a tin of tremorstones (2/2)


   Skills:
 + Level 1.4 Fighting
 + Level 1.4 Long Blades
 + Level 0.7 Staves
 + Level 6.6 Dodging
 + Level 7.7 Stealth
 + Level 26.2 Spellcasting
 + Level 3.1 Conjurations
 + Level 6.9 Transmutations
 + Level 0.5 Air Magic
 + Level 21.0 Earth Magic
 + Level 1.0 Poison Magic
 + Level 2.6 Evocations


You had 20 spell levels left.
You knew the following spells:

 Your Spells              Type           Power      Damage    Failure   Level
a - Sandblast             Erth           100%       2d20      0%          1
b - Passwall              Tmut/Erth      90%        N/A       0%          2
c - Stone Arrow           Conj/Erth      100%       3d13      0%          3
d - Lee's Rapid Deconstr  Erth           63%        3d30*     0%          5
e - Petrify               Tmut/Erth      100%       N/A       1%          4
f - Mephitic Cloud        Conj/Pois/Air  47%        N/A       1%          3
g - Bolt of Magma         Conj/Fire/Erth 45%        4d19      1%          5
h - Iron Shot             Conj/Erth      52%        9d10      1%          6
i - Statue Form           Tmut/Erth      72%        N/A       1%          6
j - Shatter               Erth           63%        3d47*     3%          9

Your spell library contained the following spells:

 Spells                   Type           Power      Damage    Failure   Level
 Lehudib's Crystal Spear  Conj/Erth      52%        10d12     9%          8
 Chain Lightning          Conj/Air       24%        3d32      100%        9
 Fire Storm               Conj/Fire      23%        8d6       100%        9
 Animate Skeleton         Necr           76%        N/A       1%          1
 Apportation              Tloc           76%        N/A       1%          1
 Beastly Appendage        Tmut           100%       N/A       1%          1
 Corona                   Hex            42%        N/A       1%          1
 Magic Dart               Conj           100%       1d8       1%          1
 Pain                     Necr           100%       1d9       1%          1
 Summon Small Mammal      Summ           100%       N/A       1%          1
 Corpse Rot               Necr/Air       N/A        N/A       1%          2
 Ensorcelled Hibernation  Hex/Ice        76%        N/A       1%          2
 Static Discharge         Conj/Air       48%        N/A       1%          2
 Sublimation of Blood     Necr           19%        N/A       1%          2
 Wereblood                Tmut           68%        N/A       1%          2
 Dazzling Flash           Conj/Hex       94%        N/A       1%          3
 Ignite Poison            Fire/Tmut/Pois 52%        N/A       1%          3
 Spider Form              Tmut/Pois      28%        N/A       1%          3
 Airstrike                Air            20%        N/A       1%          4
 Fulminant Prism          Conj/Hex       23%        3d13      1%          4
 Hailstorm                Conj/Ice       47%        3d11      1%          4
 Ice Form                 Ice/Tmut       55%        N/A       1%          4
 Leda's Liquefaction      Hex/Erth       49%        N/A       1%          4
 Borgnjor's Vile Clutch   Necr/Erth      49%        N/A       1%          5
 Irradiate                Conj/Tmut      30%        3d23      1%          5
 Confusing Touch          Hex            38%        N/A       2%          3
 Lesser Beckoning         Tloc           19%        N/A       2%          3
 Tukima's Dance           Hex            38%        N/A       2%          3
 Vampiric Draining        Necr           19%        2d8       2%          3
 Lightning Bolt           Conj/Air       24%        1d39      2%          5
 Freezing Cloud           Conj/Ice/Air   22%        6-21      3%          5
 Animate Dead             Necr           19%        N/A       7%          4
 Dispel Undead            Necr           38%        3d16      7%          4
 Summon Ice Beast         Ice/Summ       38%        N/A       7%          4
 Agony                    Necr           38%        N/A       21%         5
 Excruciating Wounds      Necr           19%        N/A       21%         5
 Orb of Destruction       Conj           27%        9d11      38%         7
 Simulacrum               Ice/Necr       19%        N/A       73%         6
 Ignition                 Fire           19%        3d7       100%        8
 Polar Vortex             Ice            19%        N/A       100%        9


Dungeon Overview and Level Annotations

Branches:
Dungeon (1/1)

Altars:
Cheibriados
Dithmenos
Elyvilon
Fedhas
Gozag
Hepliaklqana
Kikubaaqudgha
Makhleb
Nemelex Xobeh
Okawaru
Qazlal
Ru
Sif Muna
Trog
Uskayaw
Vehumet
Wu Jian
Xom
Yredelemnul
Zin
The Shining One
Beogh
Jiyva
Lugonu

Shops:
D :!([==[*:*?(

Annotations:
D Ilsuiw, Polyphemus


Innate Abilities, Weirdness & Mutations

You are a living statue of rough stone.
Your actions are slow, but your melee attacks are powerful.
You are resistant to unholy torment.
Your maximum health is greatly increased.
You are immune to poison.
Your equipment is partially melded.
You are very small and have problems with some larger weapons.
You are too small for most types of armour.
You have supernaturally acute eyesight. (SInv)
((You cover ground extremely quickly. (Speed+++)))


Message History

The blast of rock fragments hits Polyphemus!
Polyphemus is heavily wounded.
You hear a shout!
Polyphemus hits you!!!
Ouch! That really hurt!
* * * LOW HITPOINT WARNING * * *
Polyphemus misses you. x2; Polyphemus hits you.
* * * LOW HITPOINT WARNING * * *
You hear an angry hiss.
Unknown command.
Unknown command.
Casting: Lee's Rapid Deconstruction (safe; 0% risk of failure)
Confirm with . or Enter, or press ? or * to list all spells.
Aiming: Lee's Rapid Deconstruction (safe; 0% risk of failure)
Press: ? - help, Dir - move target A rock wall, spattered with blood.
Okay, then.
You feel much better. Polyphemus hits you but does no damage.
Polyphemus hits you! Polyphemus hits you!!
* * * LOW HITPOINT WARNING * * *
Polyphemus barely misses you. Polyphemus misses you.
Polyphemus completely misses you.
Unknown command.
You feel much better. Polyphemus completely misses you.
Polyphemus hits you but does no damage. Polyphemus completely misses you.
Polyphemus barely misses you.
Ilsuiw, Witch of the Tides comes into view.
She is wielding a +4 trident of freezing.
Unknown command.
Casting: Lee's Rapid Deconstruction (safe; 0% risk of failure)
Confirm with . or Enter, or press ? or * to list all spells.
Aiming: Lee's Rapid Deconstruction (safe; 0% risk of failure)
Press: ? - help, Dir - move target A rock wall, spattered with blood.
You feel a surge of power!
The wall shatters!
The blast of rock fragments hits Ilsuiw!!
Ilsuiw is lightly wounded.
The blast of rock fragments hits Polyphemus!!!
Polyphemus is severely wounded.
Polyphemus hits you!!
You die...

*****#..♣♣ ♣♣♣##)####
###'♣♣♣♣♣♣♣♣♣♣♣♣♣♣♣**#...'.§
*
♣♣♣♣†##..##≈≈≈≈≈≈..#,,#...#.§
**
♣...##.##.#≈≈≈≈○...#,,#...#.#
+*
♣♣.##.##.##'≈≈≈≈○####+#####[#
,*
♣..#.##)..#÷≈..☼○°§$○#.....#
****
♣♣.##.##..#≈..'#######...).#
,,,*
♣♣.##.#####...#).....#.....#
,,,*
♣.....##..C8..#♣♣♣._.#..)).#
****
########m######*****##'#####
** ▓≈≈≈≈≈≈≈≈≈≈≈≈▓#..☼§§○ ≈*
▓≈≈C≈≈≈≈≈≈≈≈≈▓..####. ≈**
****** ▓≈≈≈Y,≈≈≈≈≈,,▓#.#°○○.
*≈* *,,,,*
▓≈≈..†,≈≈≈,,,*#.#°○○° ≈**
*,,,,* ▓≈≈≈..≈≈≈≈≈,,*#....☼)
,** *,,,,*
▓≈≈≈≈≈≈≈≈≈≈,,*#.#..).
,,***,,,**
*≈≈≈≈≈≈≈≈≈≈≈,*#.#.###


You could see Polyphemus (berserk) and Ilsuiw.

Vanquished Creatures
  A deep elf blademaster (D)
  Dowan (D)
  A deep elf demonologist (D)
  A deep elf annihilator (D)
  A deep elf death mage (D)
  A deep elf high priest (D)
  A fire dragon (D)
  2 hydras (D)
  3 centaur warriors (D)
  Erica (D)
  4 dancing weapons (D)
  Urug (D)
  A skeletal warrior (D)
  2 deep elf knights (D)
  A spriggan druid (D)
  A death drake (D)
  A lindwurm (D)
  2 deep elf zephyrmancers (D)
  An orange crystal statue (D)
  An orc knight (D)
  4 deep elf pyromancers (D)
  4 ugly things (D)
  4 crystal guardians (D)
  An orc sorcerer (D)
  4 statues (D)
  Duvessa (D)
  2 cane toads (D)
  An unseen horror (D)
  A rime drake (D)
  A komodo dragon (D)
  3 wandering mushrooms (D)
  4 spriggan defenders (D)
  2 tyrant leeches (D)
  A queen bee (D)
  2 orc high priests (D)
  A slime creature (D)
  3 dream sheep (D)
  A dream sheep (shapeshifter) (D)
  3 redbacks (D)
  A shadow (D)
  2 spriggans (D)
  A spatial vortex (D)
  A swamp drake (D)
  A floating eye (D)
  2 orc warriors (D)
  A necrophage (D)
  2 centaurs (D)
  An earth elemental (D)
  A water elemental (D)
  32 killer bees (D)
  An electric eel (D)
  A jelly (D)
  4 orc priests (D)
  Jessica (D)
  A necromancer (D)
  A wizard (D)
  2 orc wizards (D)
  3 humans (D)
  A kobold demonologist (D)
  A wolf (D)
  10 orcs (D)
  2 endoplasms (D)
  A rat (D)
  A plant (D)
146 creatures vanquished.

Vanquished Creatures (others)
  11 plants (D)
11 creatures vanquished.

Grand Total: 157 creatures vanquished

Notes
Turn   | Place    | Note
-------+----------+-------------------------------------------
     0 | D        | mhtbhm the Spriggan Earth Elementalist began the quest for
                  | the Orb.
     0 | D        | Reached XP level 1. HP: 9/9 MP: 5/5
    32 | D        | Noticed Jessica
    34 | D        | Killed Jessica
    35 | D        | Reached skill level 4 in Spellcasting
    35 | D        | Reached XP level 2. HP: 13/13 MP: 4/8
    35 | D        | Reached XP level 3. HP: 16/16 MP: 4/9
    96 | D        | Learned a level 2 spell: Passwall
   100 | D        | Learned a level 3 spell: Stone Arrow
   139 | D        | Reached skill level 5 in Earth Magic
   205 | D        | Reached skill level 5 in Spellcasting
   421 | D        | Noticed a water elemental
   432 | D        | Killed a water elemental
   433 | D        | Reached skill level 6 in Spellcasting
   433 | D        | Reached XP level 4. HP: 21/21 MP: 4/13
   518 | D        | Found a radiant altar of Vehumet.
   519 | D        | Found a shimmering blue altar of Sif Muna.
   519 | D        | Noticed a wizard
   520 | D        | Killed a wizard
   521 | D        | Reached skill level 5 in Stealth
   521 | D        | Reached skill level 7 in Spellcasting
   521 | D        | Reached XP level 5. HP: 24/24 MP: 10/15
   528 | D        | Reached skill level 5 in Dodging
   537 | D        | Found an ancient bone altar of Kikubaaqudgha.
   541 | D        | Became a worshipper of Vehumet
   637 | D        | Learned a level 5 spell: Lee's Rapid Deconstruction
   642 | D        | Learned a level 4 spell: Petrify
   655 | D        | Found a basalt altar of Yredelemnul.
   655 | D        | Found a shadowy altar of Dithmenos.
   655 | D        | Found a sacrificial altar of Ru.
   655 | D        | Noticed a necrophage
   691 | D        | Reached skill level 8 in Spellcasting
   699 | D        | Killed a necrophage
   700 | D        | Reached skill level 9 in Spellcasting
   700 | D        | Reached XP level 6. HP: 29/29 MP: 0/19
   828 | D        | Found a glowing silver altar of Zin.
   828 | D        | Found a glowing golden altar of the Shining One.
   828 | D        | Found a white marble altar of Elyvilon.
   828 | D        | Noticed a deep elf pyromancer
   830 | D        | Killed a deep elf pyromancer
   830 | D        | Reached * piety under Vehumet
   830 | D        | Offered knowledge of Foxfire by Vehumet.
   831 | D        | Reached skill level 12 in Spellcasting
   831 | D        | Reached skill level 1 in Conjurations
   831 | D        | Reached XP level 7. HP: 32/32 MP: 9/24
   912 | D        | Found a hide-covered altar of Uskayaw.
   912 | D        | Found an iron altar of Okawaru.
   912 | D        | Found a bloodstained altar of Trog.
   912 | D        | Found an ornate altar of the Wu Jian Council.
   912 | D        | Noticed a human
   912 | D        | Noticed a human
   915 | D        | Killed a human
   915 | D        | Killed a human
   916 | D        | Reached skill level 13 in Spellcasting
   916 | D        | Reached skill level 10 in Earth Magic
  1006 | D        | Offered knowledge of Static Discharge by Vehumet.
  1006 | D        | Reached ** piety under Vehumet
  1006 | D        | Noticed a shadow
  1008 | D        | Killed a shadow
  1009 | D        | Reached skill level 14 in Spellcasting
  1009 | D        | Reached XP level 8. HP: 37/37 MP: 17/27
  1066 | D        | Found a blossoming altar of Fedhas.
  1066 | D        | Found a stormy altar of Qazlal.
  1066 | D        | Found a snail-covered altar of Cheibriados.
  1066 | D        | Found a burning altar of Makhleb.
  1066 | D        | Found a shimmering altar of Xom.
  1067 | D        | Found a hazy altar of Hepliaklqana.
  1067 | D        | Found an opulent altar of Gozag.
  1067 | D        | Found a sparkling altar of Nemelex Xobeh.
  1067 | D        | Found a corrupted altar of Lugonu.
  1067 | D        | Found a viscous altar of Jiyva.
  1131 | D        | Noticed Erica
  1136 | D        | Killed Erica
  1137 | D        | Reached skill level 15 in Spellcasting
  1293 | D        | Offered knowledge of Mephitic Cloud by Vehumet.
  1293 | D        | Reached *** piety under Vehumet
  1348 | D        | Learned a level 3 spell: Mephitic Cloud
  1366 | D        | Noticed a centaur warrior
  1370 | D        | Reached XP level 9. HP: 40/40 MP: 20/29
  1370 | D        | Offered knowledge of Sticky Flame by Vehumet.
  1375 | D        | Killed a centaur warrior
  1376 | D        | Reached skill level 16 in Spellcasting
  1515 | D        | Noticed an unseen horror
  1517 | D        | Killed an unseen horror
  1517 | D        | Reached **** piety under Vehumet
  1518 | D        | Reached skill level 17 in Spellcasting
  1572 | D        | Noticed a wandering mushroom
  1577 | D        | Noticed a wandering mushroom
  1580 | D        | Killed a wandering mushroom
  1580 | D        | Offered knowledge of Iskenderun's Mystic Blast by Vehumet.
  1582 | D        | Noticed a wandering mushroom
  1586 | D        | Killed a wandering mushroom
  1592 | D        | Killed a wandering mushroom
  1716 | D        | Found Lereusm's Book Emporium.
  1716 | D        | Noticed an orc sorcerer
  1716 | D        | Noticed an orc knight
  1721 | D        | Reached ***** piety under Vehumet
  1721 | D        | Offered knowledge of Bolt of Magma by Vehumet.
  1729 | D        | Noticed an orange demon
  1740 | D        | Killed an orc knight
  1741 | D        | Reached skill level 18 in Spellcasting
  1741 | D        | Reached skill level 1 in Poison Magic
  1741 | D        | Reached XP level 10. HP: 31/44 MP: 8/33
  1741 | D        | Killed an orc sorcerer
  1766 | D        | Reached ****** piety under Vehumet
  1951 | D        | Bought Veaff's Guide on Clay for 791 gold pieces
  1957 | D        | Learned a level 5 spell: Bolt of Magma
  1964 | D        | Learned a level 6 spell: Iron Shot
  1973 | D        | Noticed a deep elf knight
  1973 | D        | Noticed a deep elf pyromancer
  1973 | D        | Noticed a deep elf pyromancer
  1973 | D        | Noticed a deep elf knight
  1973 | D        | Noticed a deep elf zephyrmancer
  1982 | D        | Killed a deep elf pyromancer
  1983 | D        | Reached skill level 1 in Evocations
  1983 | D        | Killed a deep elf zephyrmancer
  1983 | D        | Offered knowledge of Conjure Ball Lightning by Vehumet.
  1983 | D        | Killed a deep elf knight
  1984 | D        | Reached skill level 19 in Spellcasting
  1984 | D        | Reached skill level 15 in Earth Magic
  1985 | D        | Killed a deep elf knight
  1985 | D        | Killed a deep elf pyromancer
  2019 | D        | Noticed a deep elf pyromancer
  2023 | D        | Noticed a deep elf annihilator
  2025 | D        | Noticed a deep elf blademaster
  2026 | D        | Killed a deep elf annihilator
  2027 | D        | Reached skill level 20 in Spellcasting
  2027 | D        | Reached XP level 11. HP: 48/48 MP: 19/36
  2028 | D        | Noticed a deep elf demonologist
  2029 | D        | Noticed a deep elf death mage
  2029 | D        | Killed a deep elf death mage
  2178 | D        | Killed a deep elf pyromancer
  2180 | D        | Killed a deep elf demonologist
  2180 | D        | Offered knowledge of Spellforged Servitor by Vehumet.
  2180 | D        | Killed a deep elf zephyrmancer
  2181 | D        | Reached skill level 1 in Fighting
  2181 | D        | Reached skill level 21 in Spellcasting
  2182 | D        | Noticed a deep elf high priest
  2185 | D        | Killed a deep elf high priest
  2186 | D        | Reached skill level 1 in Long Blades
  2190 | D        | Identified the ring "Vyddeve" {rPois rCorr Dex+3} (You took
                  | it off a deep elf zephyrmancer in the Dungeon)
  2368 | D        | Killed a deep elf blademaster
  2373 | D        | Found the +3 hat of Pondering {ponderous, Will+ MP+10
                  | Int+5}
  2405 | D        | Identified Racoe's Almanac of Warped Transmigration
  2407 | D        | Identified the +9 hand axe of the Tusks {freeze, *Slow rN+
                  | Int+5 Stlth+}
  2411 | D        | Identified the ring "Atol" {Drain rElec AC+4 Int+7 SInv}
  2411 | D        | Identified the ring of Akous {EV+4 Stlth+}
  2415 | D        | Identified Nellydod's Guide on the Snowflakes and Air
  2415 | D        | Identified the Grimoire of Freezing Conjuration
  2550 | D        | Reached skill level 22 in Spellcasting
  2552 | D        | Offered knowledge of Ozocubu's Refrigeration by Vehumet.
  2621 | D        | Learned a level 6 spell: Statue Form
  2623 | D        | Noticed Dowan
  2623 | D        | Noticed Duvessa
  2794 | D        | Killed Duvessa
  2794 | D        | Killed Dowan
  2795 | D        | Reached skill level 5 in Transmutations
  2795 | D        | Reached XP level 12. HP: 53/53 MP: 22/39
  2979 | D        | Noticed a yaktaur captain
  2981 | D        | Offered knowledge of Starburst by Vehumet.
  2982 | D        | Reached skill level 23 in Spellcasting
  3249 | D        | Found Oliedye's Antique Armour Emporium.
  3249 | D        | Found Ydafesol's General Store.
  3249 | D        | Found Onumaoho's Jewellery Boutique.
  3249 | D        | Found Nanok's Antique Weapon Shoppe.
  3249 | D        | Found Sehiadd's Jewellery Boutique.
  3249 | D        | Found Ypnaz's Armour Shoppe.
  3249 | D        | Found Fethirue's Magic Scroll Shop.
  3249 | D        | Found Faikesir's Antique Weapon Shop.
  3249 | D        | Found Pyzeli's Assorted Antiques.
  3249 | D        | Found Xuomir's Distillery.
  3249 | D        | Found Fidoth's Book Boutique.
  3287 | D        | Bought a potion of magic for 88 gold pieces
  3287 | D        | Bought a potion of brilliance for 44 gold pieces
  3287 | D        | Bought a potion of resistance for 110 gold pieces
  3287 | D        | Bought a potion of curing for 33 gold pieces
  3292 | D        | Bought a potion of curing for 42 gold pieces
  3292 | D        | Bought a potion of attraction for 42 gold pieces
  3292 | D        | Bought a scroll of identify for 28 gold pieces
  3294 | D        | Bought a scroll of acquirement for 520 gold pieces
  3296 | D        | Bought a potion of heal wounds for 120 gold pieces
  3296 | D        | Bought a sedimented dark potion for 21 gold pieces
  3296 | D        | Bought a fizzy coppery potion for 21 gold pieces
  3296 | D        | Bought a scroll labelled MEOWYN FORUARPH for 24 gold pieces
  3303 | D        | Acquired a book of the Tempests
  3318 | D        | Learned a level 9 spell: Shatter
  3344 | D        | Offered knowledge of Eringya's Noxious Bog by Vehumet.
  3378 | D        | Reached skill level 24 in Spellcasting
  3422 | D        | Noticed a centaur warrior
  3424 | D        | Killed a centaur warrior
  3526 | D        | Noticed a centaur warrior
  3530 | D        | Killed a centaur warrior
  3576 | D        | Noticed a fire dragon
  3579 | D        | Offered knowledge of Lehudib's Crystal Spear by Vehumet.
  3582 | D        | Killed a fire dragon
  3729 | D        | Reached skill level 25 in Spellcasting
  3729 | D        | Reached XP level 13. HP: 57/57 MP: 21/43
  4058 | D        | Offered knowledge of Lehudib's Crystal Spear by Vehumet.
  4058 | D        | Offered knowledge of Fire Storm by Vehumet.
  4058 | D        | Offered knowledge of Chain Lightning by Vehumet.
  4160 | D        | Noticed Urug
  4162 | D        | Killed Urug
  4307 | D        | Reached skill level 26 in Spellcasting
  4318 | D        | Found a blossoming altar of Fedhas.
  4536 | D        | Noticed Polyphemus
  4546 | D        | Noticed Ilsuiw
  4547 | D        | Slain by Polyphemus

Illustrated notes

Levels and vault maps discovered:
D:        dungeon_sprint_mu [sprint_mu_entry_forest, sprint_mu_temple_rooms,
          sprint_mu_d1_horrors, sprint_mu_d2_genie, sprint_mu_d3_branching,
          sprint_mu_orc_legion, sprint_mu_elf_gauntlet, sprint_mu_hive_nellie,
          sprint_mu_lair_fedhas, sprint_mu_vaults_butterflies,
          sprint_mu_slime_circle, sprint_mu_swamp_cave, sprint_mu_shoals_archi,
          sprint_mu_blade_basic, sprint_mu_crypt_fortress,
          sprint_mu_tomb_spiral, sprint_mu_vestibule_basic,
          sprint_mu_gehenna_hellfire, sprint_mu_dis_giant,
          sprint_mu_tartarus_statrot, sprint_mu_cocytus_islands, sprint_mu_zot1]

Skill      XL: |  1  2  3  4  5  6  7  8  9 10 11 12 13 |
---------------+----------------------------------------+-----
Dodging        | 3 4 5 6 |  6.6
Earth Magic    | 4 6 8 9 11 12 14 15 18 20 21 | 21.0
Transmutations | 2 3 4 5 6 |  6.9
Stealth        | 4 5 6 7 |  7.7
Spellcasting   | 4 6 7 9 12 14 15 18 20 22 25 26 | 26.2
Conjurations   | 1 2 3 |  3.1
Poison Magic   | 1 |  1.0
Evocations     | 2 |  2.6
Fighting       | 1 |  1.4
Long Blades    | 1 |  1.4
Staves         | |  0.7
Air Magic      | |  0.5

Action                   |  1- 3 |  4- 6 |  7- 9 | 10-12 | 13-15 || total
-------------------------+-------+-------+-------+-------+-------++-------
Melee: Scimitar          |       |       |       |     1 |       ||     1
       Staff             |       |       |       |     1 |       ||     1
 Cast: Sandblast         |    19 |     6 |     1 |     4 |       ||    30
       Stone Arrow       |     1 |     2 |    14 |     2 |     4 ||    23
       Passwall          |     1 |       |       |     2 |       ||     3
       Lee's Rapid Decon |       |     3 |    27 |    79 |    31 ||   140
       Mephitic Cloud    |       |       |     2 |     1 |       ||     3
       Petrify           |       |       |     1 |       |     1 ||     2
       Statue Form       |       |       |       |     7 |     5 ||    12
       Iron Shot         |       |       |       |     2 |       ||     2
       Shatter           |       |       |       |     2 |       ||     2
Evoke: Tin of tremorston |       |       |     2 |     1 |       ||     3
  Use: Potion            |       |       |     1 |     2 |     2 ||     5
       Scroll            |       |       |       |     9 |       ||     9
Armor: Skin              |       |       |       |     9 |    10 ||    19
Dodge: Dodged            |     2 |     4 |     3 |    33 |    34 ||    76

Table legend: (Time is in decaauts)
 A = Elapsed time spent in this place.
 B = Non-inter-level travel time spent in this place.
 C = Inter-level travel time spent in this place.
 D = Time resting spent in this place.
 E = Time spent auto-exploring this place.
 F = Levels seen in this place.
 G = Mean time per level.
                   A        B        C        D        E       F      G
               +--------+--------+--------+--------+--------+-----+--------+
         Total |   4603 |   4603 |      0 |   3269 |      0 |   1 | 4603.0 |
       Dungeon |   4603 |   4603 |      0 |   3269 |      0 |   1 | 4603.0 |
               +--------+--------+--------+--------+--------+-----+--------+

Top non-repeatable levels by time:
       D: 4603 daAuts
